 Dungeon Crawl Stone Soup version 0.23-a0-767-gdc19b93d68 (webtiles) character file.

60 Flugslaktarn the Chopper (level 3, 0/31 HPs)
             Began as a Minotaur Fighter on Jan 29, 2019.
             Slain by an orc wizard
             ... wielding a cursed +0 dagger
              (2 damage)
             ... on level 3 of the Dungeon.
             The game lasted 00:00:56 (1040 turns).

Flugslaktarn the Chopper (Minotaur Fighter)         Turns: 1040, Time: 00:00:57

Health: 0/31       AC:  6    Str: 21    XL:     3   Next: 80%
Magic:  2/2        EV:  7    Int:  5    God:
Gold:   46         SH:  0    Dex:  9    Spells: 2/2 levels left

rFire    . . .     SeeInvis .   a - +0 war axe
rCold    . . .     Gourm    .   c - +0 shield
rNeg     . . .     Faith    .   b - +0 scale mail
rPois    .         Spirit   .   (helmet restricted)
rElec    .         Reflect  .   (no cloak)
rCorr    .         Harm     .   (no gloves)
MR       .....                  (no boots)
Stlth    ..........             (no amulet)
HPRegen  0.10/turn              (no ring)
MPRegen  0.08/turn              (no ring)

@: confused
A: retaliatory headbutt, horns 2
a: no special abilities


You were on level 3 of the Dungeon.
You were hungry.

You visited 1 branch of the dungeon, and saw 4 of its levels.

You collected 46 gold pieces.

Inventory:

Hand Weapons
 a - a +0 war axe (weapon)
Armour
 b - a +0 scale mail (worn)
 c - a +0 shield (worn)
Scrolls
 e - 2 scrolls of fog {unknown}
 g - 3 scrolls of amnesia {unknown}
 l - a scroll of identify {unknown}
 m - a scroll of teleportation {unknown}
 p - a scroll of fear {unknown}
 r - a scroll of remove curse {unknown}
Potions
 d - a potion of might {@q4}
 h - a potion of agility {unknown}
 i - a potion of ambrosia {unknown}
 j - a potion of degeneration {unknown}
 k - a potion of flight {unknown}
 n - a potion of cancellation {unknown}
 o - 2 potions of curing {unknown}
 q - a potion of brilliance {unknown}
Comestibles
 f - 3 rations {@e1}


   Skills:
 - Level 3.6 Fighting
 + Level 5.1 Axes
 - Level 3.6 Armour
 - Level 3.6 Shields


You had 2 spell levels left.
You didn't know any spells.
Your spell library was empty.

Dungeon Overview and Level Annotations

Branches:
Dungeon (4/15)
 Temple: D:4-7

Altars:


Innate Abilities, Weirdness & Mutations

You reflexively headbutt those who attack you in melee.
You have a pair of horns on your head.


Message History

The phantom hits you but does no damage.
In your confused state, you trip and fall back down the stairs.
The phantom hits you.
* * * LOW HITPOINT WARNING * * *
Unknown command.
Unknown command.
The phantom hits you.
* * * LOW HITPOINT WARNING * * *
Something hits you but does no damage.
The orc wizard hits you but does no damage.
You climb upwards.
You hear the sound of rushing water.
There is an entrance to a sewer on this level.
Hurry and find it before the portal rusts away!
Reactivating autopickup.
There is a stone staircase leading down here.
You miss the phantom. Your headbutt misses the phantom.
You closely miss something. The phantom hits you.
* * * LOW HITPOINT WARNING * * *
Something hits you.
You die...

##.o.##.### #.# #.##.
......)...# #.# #.##.
#)#.# #.# #.##. ### #.#.#
#.######.##.
....###†#.#####.......[...
.................#########
...###..#.#####..#
#..#.#####..#
#...@.......#
#..#W......## #..#########
...## ####


You could see a phantom.

Vanquished Creatures
  3 worms
  2 dart slugs (D:3)
  3 leopard geckos (D:3)
  6 orcs
  A bat (D:2)
  7 goblins
  7 hobgoblins
  2 frilled lizards (D:1)
  4 rats
  A fungus (D:1)
36 creatures vanquished.

Notes
Turn   | Place    | Note
-------+----------+-------------------------------------------
     0 | D:1      | Flugslaktarn the Minotaur Fighter began the quest for the
                  | Orb.
     0 | D:1      | Reached XP level 1. HP: 19/19 MP: 0/0
    89 | D:1      | Reached skill level 3 in Axes
   149 | D:1      | Reached XP level 2. HP: 22/26 MP: 1/1
   401 | D:2      | Reached skill level 4 in Axes
   690 | D:3      | Reached XP level 3. HP: 23/31 MP: 2/2
  1013 | D:3      | Reached skill level 5 in Axes
  1025 | D:4      | Noticed a phantom
  1040 | D:3      | Slain by an orc wizard

Vault maps used:
D:1:      wander_arrival_fairy_ring, grunt_decor_mini_mirrors,
          hangedman_decor_growths
D:3:      portal_sewer_entry_f, uniq_sigmund
D:4:      first_ration, gammafunk_ghost_split, uniq_eustachio

Skill      XL: |  1  2  3 |
---------------+----------+-----
Axes           | 3 4 5 |  5.1
Fighting       | |  3.6
Armour         | |  3.6
Shields        | |  3.6

Action                   || total
-------------------------++-------
Melee: War axe           ||    92
       Headbutt          ||    18
Armor: Scale mail        ||    36
Dodge: Dodged            ||    22
Block: Shield            ||    46

Table legend:
 A = Non-vault XP
 B = Vault XP
 C = Vault XP percentage of total XP
 D = Non-vault monster count
 E = Vault monster count
 F = Vault count percentage of total count
                 A         B        C        D         E       F
            +---------+---------+-------+---------+---------+-------
      Total |      86 |       0 |   0.0 |      35 |       0 |   0.0
            +---------+---------+-------+---------+---------+-------
        D:1 |      17 |       0 |   0.0 |      10 |       0 |   0.0
        D:2 |      16 |       0 |   0.0 |       7 |       0 |   0.0
        D:3 |      47 |       0 |   0.0 |      16 |       0 |   0.0
        D:4 |       6 |       0 |   0.0 |       2 |       0 |   0.0
            +---------+---------+-------+---------+---------+-------
